 Dungeon Crawl Stone Soup version 0.28-b1-25-g9875b3fc8c (webtiles) character file.

Game seed: 18223591825672593304

642 crazypyro the Chopper (level 7, -3/57 HPs)
             Began as a Minotaur Fighter on Feb 1, 2022.
             Was an Initiate of Ashenzari.
             Succumbed to a water moccasin's poison
             ... on level 5 of the Dungeon.
             The game lasted 00:06:08 (5088 turns).

crazypyro the Chopper (Minotaur Fighter)            Turns: 5088, Time: 00:06:09

Health: -3/57      AC: 15    Str: 21    XL:     7   Next: 26%
Magic:  6/6        EV:  3    Int:  3    God:    Ashenzari [......]
Gold:   272        SH: 13    Dex: 11    Spells: 6/6 levels left

rFire   . . .      SeeInvis .   a - +0 war axe
rCold   . . .      Faith    .   l - +1 tower shield
rNeg    . . .      Spirit   .   r - +0 plate armour
rPois   .          Reflect  .   (helmet unavailable)
rElec   .          Harm     .   i - +0 cloak
rCorr   .          Rampage  .   (no gloves)
Will    .....                   e - +0 pair of boots
Stlth   ..........              k - amulet "Ruubu" {Acrobat Stlth+}
HPRegen 0.19/turn               (no ring)
MPRegen 0.10/turn               (no ring)

@: lethally poisoned (-3 -> -23), attractive, flying
A: horns 3, retaliatory headbutt, dopey 1
a: Renounce Religion, Curse Item


You were on level 5 of the Dungeon.
You worshipped Ashenzari.
Ashenzari was noncommittal.
You visited 1 branch of the dungeon, and saw 5 of its levels.

You collected 272 gold pieces.

Inventory:

Hand Weapons
 a - a +0 war axe (weapon)
Armour
 e - a +0 pair of boots (worn)
 i - a +0 cloak (worn)
 l - a +1 tower shield (worn)
 r - a +0 plate armour (worn)
Jewellery
 g - a ring of magical power
 k - the amulet "Ruubu" (around neck) {Acrobat Stlth+}
   (You found it on level 3 of the Dungeon)

   [amulet of the acrobat]

   It increases your evasion while moving and waiting.
   Stlth:     It makes you more stealthy.
Wands
 m - a wand of flame (18)
Scrolls
 b - a scroll of amnesia
 n - 3 scrolls of fear
 o - 3 scrolls of identify
Potions
 d - 2 potions of might
 f - 2 potions of invisibility


   Skills:
 - Level 3.6 Fighting
 * Level 7.3 Axes
 + Level 5.5 Armour
 + Level 4.2 Dodging
 - Level 3.6 Shields


You had 6 spell levels left.
You didn't know any spells.
Your spell library contained the following spells:

 Spells                   Type           Power      Damage    Failure   Level
 Beastly Appendage        Tmut           0%         N/A       100%        1
 Sublimation of Blood     Necr           0%         N/A       100%        2
 Wereblood                Tmut           0%         N/A       100%        2
 Spider Form              Tmut/Pois      0%         N/A       100%        3
 Petrify                  Tmut/Erth      0%         N/A       100%        4
 Irradiate                Conj/Tmut      0%         3d13      100%        5


Dungeon Overview and Level Annotations

Branches:
Dungeon (5/15)
 Temple: D:4-7

Altars:
Ashenzari
Cheibriados
Elyvilon
Hepliaklqana
Uskayaw
Zin
The Shining One

Shops:
D:1 :   D:2 (   D:4 *


Innate Abilities, Weirdness & Mutations

You have a pair of large horns on your head.
You reflexively headbutt those who attack you in melee.
You are dopey. (Int -2)


Message History

The water moccasin bites you but does no damage.
You block the water moccasin's attack.
You barely miss the water moccasin.
You feel extremely sick.
The water moccasin bites you but does no damage.
The water moccasin bites you.
You are too injured to fight recklessly!
You are too injured to fight recklessly!
You are too injured to fight recklessly!
You are too injured to fight recklessly!
You hit the water moccasin.
Your headbutt misses the water moccasin.
The water moccasin is lightly wounded.
You feel very sick. You block the water moccasin's attack.
The water moccasin bites you.
* * * LOW HITPOINT WARNING * * *
You miss the water moccasin.
The water moccasin is lightly wounded.
* * * LOW HITPOINT WARNING * * *
You feel very sick.
The water moccasin bites you but does no damage.
You block the water moccasin's attack.
You completely miss the water moccasin.
The water moccasin is lightly wounded.
You feel sick.
You block the water moccasin's attack. x3
It was a potion of mutation.
You feel extremely strange. The horns on your head grow some more.
You feel stupid.
You feel sick. You block the water moccasin's attack.
It was a potion of flight.
You feel very buoyant.
You fly up into the air.
You feel sick. You block the water moccasin's attack.
It was a potion of attraction.
You feel attractive to monsters.
You feel sick. The water moccasin bites you.
* * * LOW HITPOINT WARNING * * *
You are lethally poisoned!
The water moccasin poisons you! You block the water moccasin's attack.
You miss the water moccasin.
The water moccasin is lightly wounded.
You die...

#########.....###
#...........###.#######
#...........'..........
+...........#..........
#...........#..........
#...........#..........
#...........###'####..#
......#+####+#####.####
.
......#...S@..........#
......#...#...........#
..... #.. #...........#
..... #. #.<.........#
.... # ###'#########
#....### #......#
#......# #......#


You could see a water moccasin.

Vanquished Creatures
  A black bear (D:5)
  A phantom (D:5)
  A scorpion (D:4)
  A water moccasin zombie (D:5)
  A jelly (D:5)
  2 iguanas
  Ijyb (D:3)
  Terence (D:2)
  Natasha (thrice) (D:2)
  6 adders
  An ufetubus (D:5)
  An adder skeleton (D:4)
  3 worms
  3 dart slugs
  4 orcs (D:4)
  6 ball pythons
  2 bats
  5 endoplasms
  7 giant cockroaches
  4 goblins
  7 hobgoblins
  11 jackals
  6 quokkas
  3 frilled lizards
  2 kobolds
  5 rats
88 creatures vanquished.

Notes
Turn   | Place    | Note
-------+----------+-------------------------------------------
     0 | D:1      | crazypyro the Minotaur Fighter began the quest for the Orb.
     0 | D:1      | Reached XP level 1. HP: 19/19 MP: 0/0
   196 | D:1      | Found Laavaopt's Book Shop.
   216 | D:1      | Found a faded altar of an unknown god.
   277 | D:1      | Reached skill level 3 in Axes
   329 | D:1      | Reached XP level 2. HP: 23/26 MP: 1/1
   427 | D:1      | Reached skill level 1 in Dodging
  1109 | D:2      | Found Ecupneyp's Antique Weapon Boutique.
  1268 | D:2      | Found a hazy altar of Hepliaklqana.
  1274 | D:2      | Reached XP level 3. HP: 31/31 MP: 2/2
  1371 | D:2      | Reached skill level 4 in Axes
  1835 | D:2      | Noticed Natasha
  1841 | D:2      | Killed Natasha
  1842 | D:2      | Reached XP level 4. HP: 24/39 MP: 3/3
  2102 | D:2      | Noticed Natasha
  2111 | D:2      | Killed Natasha
  2325 | D:2      | Noticed Natasha
  2331 | D:2      | Killed Natasha
  2332 | D:2      | Reached skill level 5 in Axes
  2395 | D:3      | Noticed Terence
  2407 | D:2      | Killed Terence
  2408 | D:2      | Reached XP level 5. HP: 42/45 MP: 4/4
  2555 | D:3      | Identified the amulet "Ruubu" {Acrobat Stlth+}
  2788 | D:3      | Noticed Ijyb
  2801 | D:3      | Killed Ijyb
  3771 | D:4      | Found a broken altar of Ashenzari.
  3777 | D:4      | Became a worshipper of Ashenzari the Shackled
  3816 | D:4      | Reached XP level 6. HP: 43/51 MP: 5/5
  3969 | D:4      | Found a hide-covered altar of Uskayaw.
  3970 | D:4      | Found a hazy altar of Hepliaklqana.
  3973 | D:4      | Found a white marble altar of Elyvilon.
  3974 | D:4      | Found a glowing golden altar of the Shining One.
  3976 | D:4      | Found a glowing silver altar of Zin.
  3982 | D:4      | Found a snail-covered altar of Cheibriados.
  4037 | D:4      | Found Moxtea Raunk's Overcharged Wands.
  4045 | D:4      | Reached skill level 6 in Axes
  4410 | D:4      | Reached skill level 5 in Armour
  4747 | D:5      | Entered Level 5 of the Dungeon
  4842 | D:5      | Reached skill level 7 in Axes
  4842 | D:5      | Reached XP level 7. HP: 27/57 MP: 6/6
  5085 | D:5      | Gained mutation: You have a pair of large horns on your
                  | head. [potion of mutation]
  5085 | D:5      | Gained mutation: You are dopey. (Int -2) [potion of
                  | mutation]
  5088 | D:5      | Succumbed to a water moccasin's poison

Illustrated notes

Levels and vault maps discovered:
D:1:      nagdon_arrival_double_spiral, layout_basic, serial_shops, shop,
          basic_ecumenical_altar
D:2:      layout_basic, basic_altar, serial_shops, nicolae_shop_trees,
          ebering_dispersal_statue_hall, minmay_tetromino_l2, uniq_natasha
D:3:      minmay_general_purpose_star, layout_loops_cross, uniq_terence,
          uniq_ijyb
D:4:      layout_loops_ring, minitemple, nicolae_ashenzari_panopticon,
          nicolae_shop_overcharged_wands
D:5:      layout_gridville, serial_shops, kennysheep_mini_moat

Skill      XL: |  1  2  3  4  5  6  7 |
---------------+----------------------+-----
Axes           | 3 4 5 7 |  7.3
Dodging        | 1 2 3 4 |  4.2
Armour         | 4 5 |  5.5
Fighting       | |  3.6
Shields        | |  3.6

Action                   |  1- 3 |  4- 6 |  7- 9 || total
-------------------------+-------+-------+-------++-------
Melee: War axe           |    79 |   151 |    20 ||   250
       Headbutt          |    14 |    19 |     1 ||    34
  Use: Scroll            |     3 |     5 |       ||     8
       Potion            |       |       |     3 ||     3
Armor: Scale mail        |    35 |    41 |       ||    76
       Chain mail        |       |     4 |       ||     4
       Plate armour      |       |    53 |    10 ||    63
Dodge: Dodged            |    26 |    40 |     2 ||    68
Block: Buckler           |    24 |     6 |       ||    30
       Tower shield      |       |   113 |    16 ||   129
